 Dungeon Crawl Stone Soup version 0.23.2 (webtiles) character file.

Game seed: 7221092635026920081

494 Borgoz the Cutter (level 7, -8/41 HPs)
             Began as a Gargoyle Gladiator on Apr 10, 2019.
             Mangled by an ogre
             ... wielding a +0 giant spiked club
              (15 damage)
             ... on level 5 of the Dungeon.
             The game lasted 00:13:40 (4315 turns).

Borgoz the Cutter (Gargoyle Gladiator)              Turns: 4315, Time: 00:13:41

Health: -8/41      AC:  9    Str: 18    XL:     7   Next: 15%
Magic:  7/7        EV: 13    Int:  8    God:
Gold:   137        SH:  0    Dex: 13    Spells: 6/6 levels left

rFire    . . .     SeeInvis .   e - +2 dagger (venom)
rCold    . . .     Gourm    .   (no shield)
rNeg     + . .     Faith    .   b - +0 leather armour
rPois    ∞         Spirit   .   c - +0 helmet
rElec    +         Reflect  .   (no cloak)
rCorr    .         Harm     .   (no gloves)
MR       .....                  (no boots)
Stlth    ++++......             m - amulet of inaccuracy
HPRegen  0.13/turn              j - ring of stealth
MPRegen  0.10/turn              o - ring of stealth

@: no status effects
A: negative energy resistance 1, electricity resistance, unbreathing,
petrification resistance, rot immunity, AC +4
a: no special abilities


You were on level 5 of the Dungeon.
You were not hungry.

You visited 2 branches of the dungeon, and saw 6 of its levels.

You collected 137 gold pieces.

Inventory:

Hand Weapons
 a - a +1 rapier
 e - a +2 dagger of venom (weapon)
Missiles
 k - 5 tomahawks of dispersal (quivered)
Armour
 b - a +0 leather armour (worn)
 c - a +0 helmet (worn)
 w - a scarf of repulsion
Jewellery
 j - a ring of stealth (left hand)
 m - an amulet of inaccuracy (around neck)
 n - an uncursed amulet of the acrobat {unknown}
 o - a ring of stealth (right hand)
 r - an uncursed ring of ice {unknown}
 u - an uncursed amulet of harm {unknown}
Scrolls
 g - a scroll of teleportation
Potions
 h - 3 potions of curing {unknown}
 i - a potion of mutation {unknown}
 l - 3 potions of brilliance
 p - 2 potions of might {unknown}
 s - a potion of invisibility {unknown}
 z - a potion of degeneration {unknown}
Comestibles
 f - 2 rations


   Skills:
 + Level 3.4 Fighting
 + Level 5.1 Short Blades
 + Level 1.9 Throwing
 + Level 2.5 Armour
 + Level 3.5 Dodging
 + Level 2.7 Stealth


You had 6 spell levels left.
You didn't know any spells.
Your spell library contained the following spells:

 Spells                   Type           Power        Failure   Level  Hunger
 Corona                   Hex            #......      45%         1    ##.....
 Ensorcelled Hibernation  Hex/Ice        #.....       61%         2    ###....
 Confuse                  Hex            #.......     83%         3    ####...
 Dazzling Spray           Conj/Hex       #.....       83%         3    ####...
 Tukima's Dance           Hex            #.......     83%         3    ####...


Dungeon Overview and Level Annotations

Branches:
Dungeon (5/15)             Temple (1/1) D:5

Altars:
Cheibriados
Dithmenos
Fedhas
Gozag
Makhleb
Nemelex Xobeh
Okawaru
Qazlal
Ru
Sif Muna
Trog
Uskayaw
Xom
Zin
The Shining One

Annotations:
D:3 2 runed translucent doors, Killmatronix's ghost, amateur TrWn


Innate Abilities, Weirdness & Mutations

You are resistant to torment.
Your stone body is resilient. (AC +4)
You are immune to poison.
You resist negative energy. (rN+)
You are resistant to electric shocks. (rElec)
You can survive without breathing.
You are immune to petrification.
You are immune to rotting.


Message History

You aren't carrying any items that you can evoke.
You are now empty-handed.
Really attack barehanded? [Y]es or [N]o only, please.
Really attack barehanded?
Okay, then.
Your +2 dagger of venom begins to drip with poison!
e - a +2 dagger of venom (weapon)
You hit the ogre.
The ogre is poisoned.
The ogre is lightly wounded.
The ogre hits you with a +0 giant spiked club!
* * * LOW HITPOINT WARNING * * *
You hit the ogre.
The ogre is lightly wounded.
The crimson imp hits you.
* * * LOW HITPOINT WARNING * * *
You hit the ogre.
The ogre looks as sick as possible!
The ogre is moderately wounded.
The ogre hits you with a +0 giant spiked club!
You die...

##.# ####...##
###(......#
####...?......
##...........
.........(..
...........#
....#...5O##
###.......@.##
###............#
#.............##
#............##
###
#............#
..#
#..........##
..# #.........##
...###.......###
......#.....##


You could see an ogre and a crimson imp.

Vanquished Creatures
  An ogre (D:4)
  A crimson imp (D:4)
  Jessica (D:3)
  An orc wizard (D:4)
  3 worker ants (D:4)
  3 gnolls (D:3)
  10 adders
  2 oozes
  4 worms
  2 dart slugs
  3 leopard geckos
  2 orcs (D:3)
  4 giant cockroaches
  7 goblins
  13 hobgoblins
  11 jackals
  10 kobolds
  2 quokkas
  A ball python (D:2)
  11 bats
  6 frilled lizards
  3 goblin skeletons (D:4)
  2 hobgoblin zombies (D:4)
  A jackal skeleton (D:4)
  A kobold skeleton (D:4)
  A kobold zombie (D:4)
  2 orc skeletons (D:4)
  2 orc zombies (D:4)
  4 rats (D:1)
114 creatures vanquished.

Notes
Turn   | Place    | Note
-------+----------+-------------------------------------------
     0 | D:1      | Borgoz the Gargoyle Gladiator began the quest for the Orb.
     0 | D:1      | Reached XP level 1. HP: 12/12 MP: 1/1
   105 | D:1      | Reached XP level 2. HP: 15/17 MP: 2/2
   289 | D:1      | Reached skill level 3 in Short Blades
   459 | D:1      | Reached XP level 3. HP: 21/22 MP: 3/3
   849 | D:2      | Found a shimmering altar of Xom.
   849 | D:2      | Found a shadowy altar of Dithmenos.
   959 | D:2      | Reached XP level 4. HP: 8/27 MP: 4/4
  1549 | D:2      | Found a bloodstained altar of Trog.
  1742 | D:2      | Reached skill level 1 in Armour
  1742 | D:2      | Reached skill level 1 in Stealth
  2155 | D:3      | Reached XP level 5. HP: 21/31 MP: 5/5
  2323 | D:3      | Noticed Jessica
  2328 | D:3      | Killed Jessica
  2328 | D:3      | Reached skill level 4 in Short Blades
  2715 | D:3      | Found a runed translucent door.
  2843 | D:3      | Reached XP level 6. HP: 35/37 MP: 6/6
  2912 | D:3      | Found a glowing silver altar of Zin.
  2998 | D:3      | Found a runed translucent door.
  2999 | D:3      | Noticed Killmatronix's ghost (amateur TrWn)
  3327 | D:4      | Found a sacrificial altar of Ru.
  3464 | D:4      | Reached XP level 7. HP: 38/41 MP: 7/7
  3635 | D:4      | Found a glowing golden altar of the Shining One.
  3702 | D:4      | Reached skill level 5 in Short Blades
  4048 | D:5      | Entered Level 5 of the Dungeon
  4062 | D:5      | Found a staircase to the Ecumenical Temple.
  4070 | Temple   | Entered the Ecumenical Temple
  4315 | D:5      | Mangled by an ogre

Skill      XL: |  1  2  3  4  5  6  7 |
---------------+----------------------+-----
Short Blades   | 3 4 5 |  5.1
Dodging        | 3 |  3.5
Armour         | 1 2 |  2.5
Stealth        | 1 2 |  2.7
Fighting       | 3 |  3.4
Throwing       | |  1.9

Action                   |  1- 3 |  4- 6 |  7- 9 || total
-------------------------+-------+-------+-------++-------
Melee: Rapier            |   147 |   359 |    79 ||   585
       Dagger            |       |       |     3 ||     3
Throw: Throwing net      |       |     1 |     3 ||     4
  Use: Scroll            |     4 |       |     5 ||     9
       Potion            |       |     1 |       ||     1
 Stab: Sleeping          |     1 |    15 |     4 ||    20
       Distracted        |       |     1 |     1 ||     2
       Paralysed         |       |     1 |       ||     1
  Eat: Chunk             |       |     9 |     1 ||    10
       Ration            |       |       |     1 ||     1
Armor: Leather armour    |    84 |   127 |    30 ||   241
       Skin              |       |     9 |       ||     9
Dodge: Dodged            |   171 |   275 |    53 ||   499
